 Dungeon Crawl Stone Soup version 0.26-a0-1025-g006ef2cfcc (webtiles) character file.

Game seed: 10065179874119266798

700 Kraken2834 the Fighter (level 7, -2/65 HPs)
             Began as a Gnoll Wanderer on Dec 9, 2020.
             Was a Priest of Ru.
             Slain by an orc warrior
             ... wielding a +0 trident
              (21 damage)
             ... on level 6 of the Dungeon.
             The game lasted 00:11:21 (5546 turns).

Kraken2834 the Fighter (Gnoll Wanderer)             Turns: 5546, Time: 00:11:23

Health: -2/65      AC:  5    Str: 14 (15) XL:     7   Next: 65%
Magic:  10/10      EV:  8    Int: 11 (14) God:    Ru [***...]
Gold:   161        SH:  0    Dex: 14 (16) Spells: 10/10 levels left

rFire    . . .     SeeInvis .   r - +2 mace (protect)
rCold    + . .     Faith    .   d - +0 kite shield
rNeg     . . .     Spirit   .   b - +0 ring mail
rPois    .         Reflect  .   (no helmet)
rElec    .         Harm     .   (no cloak)
rCorr    .         Rampage  .   (no gloves)
Will     .....                  (no boots)
Stlth    ..........             (no amulet)
HPRegen  0.20/turn              y - ring of protection from cold
MPRegen  0.12/turn              (no ring)

@: confused, mighty, exhausted, attractive, very slightly contaminated, drained,
invisible
A: distributed training, fangs 1, inability to train armour, unskilled 1, strong
nose
a: Draw Out Power, Renounce Religion


You were on level 6 of the Dungeon.
You worshipped Ru.
Ru was most pleased with you.
You visited 1 branch of the dungeon, and saw 6 of its levels.

You collected 161 gold pieces.

Inventory:

Hand Weapons
 r - a +2 mace of protection (weapon)
Armour
 b - a +0 ring mail (worn)
 d - a +0 kite shield (worn)
Magical Staves
 w - an uncursed staff of conjuration
Jewellery
 c - an uncursed amulet of guardian spirit
 y - a ring of protection from cold (left hand)
Scrolls
 a - 2 scrolls of fog {unknown}
 e - a scroll of random uselessness {unknown}
 g - 3 scrolls of enchant weapon {unknown}
 h - 4 scrolls of remove curse {unknown}
 k - 2 scrolls of magic mapping {unknown}
 l - 2 scrolls of amnesia {unknown}
 n - 2 scrolls of teleportation {unknown}
 p - 3 scrolls of identify {unknown}
 s - 2 scrolls of blinking {unknown}
 x - a scroll of fear {unknown}
 z - a scroll of immolation {unknown}
Potions
 f - a potion of flight
 i - a potion of invisibility
 m - a potion of ambrosia
 q - 2 potions of curing
 t - a potion of might
 u - a potion of attraction
 v - a potion of mutation {unknown}
 A - a potion of lignification {unknown}


   Skills:
 + Level 9.8(9.0) Fighting
 + Level 2.3(1.7) Short Blades
 + Level 2.3(1.7) Long Blades
 + Level 2.3(1.7) Axes
 + Level 2.3(1.7) Maces & Flails
 + Level 2.3(1.7) Polearms
 + Level 2.3(1.7) Staves
 + Level 2.3(1.7) Slings
 + Level 2.3(1.7) Bows
 + Level 3.3(2.7) Crossbows
 + Level 3.3(2.7) Throwing
   Level 0.0 Armour
 + Level 2.3(1.7) Dodging
 + Level 2.3(1.7) Stealth
 + Level 3.3(2.7) Shields
 + Level 2.3(1.7) Unarmed Combat
 + Level 2.3(1.7) Spellcasting
 + Level 1.9(1.3) Conjurations
 + Level 1.9(1.3) Hexes
 + Level 1.9(1.3) Summonings
 + Level 1.9(1.3) Necromancy
 + Level 1.9(1.3) Translocations
 + Level 1.9(1.3) Transmutations
 + Level 1.9(1.3) Fire Magic
 + Level 1.9(1.3) Ice Magic
 + Level 1.9(1.3) Air Magic
 + Level 1.9(1.3) Earth Magic
 + Level 1.9(1.3) Poison Magic
 + Level 2.6(1.9) Invocations
 + Level 2.3(1.7) Evocations


You had 10 spell levels left.
You didn't know any spells.
Your spell library was empty.

Dungeon Overview and Level Annotations

Branches:
Dungeon (6/15)
 Temple: D:4-7

Altars:
Elyvilon
Ru


Innate Abilities, Weirdness & Mutations

Your experience applies equally to all skills.
You have very sharp teeth.
You cannot train Armour skill.
You are somewhat unskilled. (-1 Apt)
Your uncanny sense of smell can sniff out nearby items.


Message History

* * * LOW HITPOINT WARNING * * *
You focus your will and illuminate the orc warrior in retribution!
It was a potion of ambrosia.
You are confused.
You feel invigorated. The yak gores you.
* * * LOW HITPOINT WARNING * * *
You focus your will and illuminate the yak in retribution!
The orc warrior hits you from afar with a +0 trident.
* * * LOW HITPOINT WARNING * * *
Okay, then.
You don't know any spells.
You are too confused!
You are too confused!
It was a potion of attraction.
You feel attractive to monsters. The yak barely misses you.
The orc wizard mumbles some strange words.
The orc wizard seems to speed up.
The orc warrior hits you from afar with a +0 trident!!
You die...

.....
#..#####
..... #Z##
.... ##o#
.... #..#
#o.# #.##
#o# ##Y#
#@.# #.##
#.# #.#
###.#
##...##
##.....#
##..###.##
##..##
#..##


You could see a yak (corona), an orc warrior (corona), an orc wizard (fast), an
orc and a hound zombie.

Vanquished Creatures
  2 phantoms
  A water moccasin skeleton (D:5)
  A scorpion (D:5)
  A bullfrog zombie (D:5)
  A jelly (D:5)
  A centaur skeleton (D:4)
  2 orc priests (D:4)
  A bullfrog skeleton (D:4)
  An iguana (D:6)
  A worker ant (D:4)
  A hound skeleton (D:4)
  2 adders
  4 gnolls (D:2)
  2 oozes
  4 worms
  4 dart slugs
  3 leopard geckos
  13 orcs
  9 bats
  6 giant cockroaches
  5 goblins
  5 hobgoblins
  9 jackals (D:2)
  4 quokkas
  9 frilled lizards
  5 kobolds
  A leopard gecko skeleton (D:4)
  5 rats
103 creatures vanquished.

Vanquished Creatures (others)
  An orc (D:4)
1 creature vanquished.

Grand Total: 104 creatures vanquished

Notes
Turn   | Place    | Note
-------+----------+-------------------------------------------
     0 | D:1      | Reached skill level 10 in Fighting
     0 | D:1      | Kraken2834 the Gnoll Wanderer began the quest for the Orb.
     0 | D:1      | Kraken2834 set off with the following items: a +0 dagger, a
                  | +0 ring mail, a potion of curing, a +0 kite shield
     0 | D:1      | Reached XP level 1. HP: 28/28 MP: 1/1
   230 | D:1      | Reached XP level 2. HP: 35/36 MP: 2/2
   829 | D:2      | Reached XP level 3. HP: 42/42 MP: 3/3
   897 | D:2      | Reached skill level 1 in Invocations
   918 | D:2      | Reached skill level 1 in Short Blades
   918 | D:2      | Reached skill level 1 in Long Blades
   918 | D:2      | Reached skill level 1 in Axes
   918 | D:2      | Reached skill level 1 in Maces & Flails
   918 | D:2      | Reached skill level 1 in Polearms
   918 | D:2      | Reached skill level 1 in Staves
   918 | D:2      | Reached skill level 1 in Slings
   918 | D:2      | Reached skill level 1 in Bows
   918 | D:2      | Reached skill level 1 in Dodging
   918 | D:2      | Reached skill level 1 in Stealth
   918 | D:2      | Reached skill level 1 in Unarmed Combat
   918 | D:2      | Reached skill level 1 in Spellcasting
   918 | D:2      | Reached skill level 1 in Evocations
   919 | D:2      | Reached XP level 4. HP: 22/48 MP: 5/5
  1270 | D:2      | Found a sacrificial altar of Ru.
  1273 | D:2      | Became a worshipper of Ru the Awakened
  1422 | D:2      | Reached skill level 1 in Conjurations
  1422 | D:2      | Reached skill level 1 in Hexes
  1422 | D:2      | Reached skill level 1 in Summonings
  1422 | D:2      | Reached skill level 1 in Necromancy
  1422 | D:2      | Reached skill level 1 in Translocations
  1422 | D:2      | Reached skill level 1 in Transmutations
  1422 | D:2      | Reached skill level 1 in Fire Magic
  1422 | D:2      | Reached skill level 1 in Ice Magic
  1422 | D:2      | Reached skill level 1 in Air Magic
  1422 | D:2      | Reached skill level 1 in Earth Magic
  1422 | D:2      | Reached skill level 1 in Poison Magic
  2044 | D:2      | Reached XP level 5. HP: 52/54 MP: 6/6
  2608 | D:3      | Gained mutation: You cannot train Armour skill. [Ru
                  | sacrifice]
  2608 | D:3      | Reached * piety under Ru
  3194 | D:4      | Reached XP level 6. HP: 55/61 MP: 6/8
  3229 | D:4      | Found a white marble altar of Elyvilon.
  3622 | D:4      | Noticed a phantom
  3653 | D:4      | Killed a phantom
  3994 | D:5      | Entered Level 5 of the Dungeon
  4005 | D:5      | Reached XP level 7. HP: 65/67 MP: 10/10
  5317 | D:6      | Gained mutation: You are somewhat unskilled. (-1 Apt) [Ru
                  | sacrifice]
  5317 | D:6      | Reduced skill Fighting to level 9
  5317 | D:6      | Reduced skill Conjurations to level 1
  5317 | D:6      | Reduced skill Hexes to level 1
  5317 | D:6      | Reduced skill Summonings to level 1
  5317 | D:6      | Reduced skill Necromancy to level 1
  5317 | D:6      | Reduced skill Translocations to level 1
  5317 | D:6      | Reduced skill Transmutations to level 1
  5317 | D:6      | Reduced skill Fire Magic to level 1
  5317 | D:6      | Reduced skill Ice Magic to level 1
  5317 | D:6      | Reduced skill Air Magic to level 1
  5317 | D:6      | Reduced skill Earth Magic to level 1
  5317 | D:6      | Reduced skill Poison Magic to level 1
  5317 | D:6      | Reached ** piety under Ru
  5317 | D:6      | Reached *** piety under Ru
  5504 | D:6      | Noticed a yak
  5546 | D:6      | Slain by an orc warrior

Illustrated notes

Levels and vault maps discovered:
D:1:      dpeg_arrival_long_road, layout_basic
D:2:      layout_loops_ring, lemuel_doored_altar, grunt_ministairs_2
D:3:      layout_basic, minmay_parallelograms
D:4:      minmay_clustersquares, layout_rooms, kennysheep_donut,
          elyvilon_altar_1
D:5:      layout_layer_cave
D:6:      layout_cave_pods, minmay_temple_entry_stoned_glass

Skill      XL: |  1  2  3  4  5  6  7 |
---------------+----------------------+-----
Fighting       | 9 |  9.8
Invocations    | 1 2 |  2.6
Short Blades   | 1 2 |  2.3
Long Blades    | 1 2 |  2.3
Axes           | 1 2 |  2.3
Maces & Flails | 1 2 |  2.3
Polearms       | 1 2 |  2.3
Staves         | 1 2 |  2.3
Slings         | 1 2 |  2.3
Bows           | 1 2 |  2.3
Dodging        | 1 2 |  2.3
Stealth        | 1 2 |  2.3
Unarmed Combat | 1 2 |  2.3
Spellcasting   | 1 2 |  2.3
Evocations     | 1 2 |  2.3
Conjurations   | 1 1 |  1.9
Hexes          | 1 1 |  1.9
Summonings     | 1 1 |  1.9
Necromancy     | 1 1 |  1.9
Translocations | 1 1 |  1.9
Transmutations | 1 1 |  1.9
Fire Magic     | 1 1 |  1.9
Ice Magic      | 1 1 |  1.9
Air Magic      | 1 1 |  1.9
Earth Magic    | 1 1 |  1.9
Poison Magic   | 1 1 |  1.9
Armour         | 0 |  0.0
Crossbows      | 3 |  3.3
Throwing       | 3 |  3.3
Shields        | 3 |  3.3

Action                   |  1- 3 |  4- 6 |  7- 9 || total
-------------------------+-------+-------+-------++-------
Melee: Dagger            |   171 |   175 |       ||   346
       Bite              |    22 |    39 |    15 ||    76
       Mace              |       |   139 |   111 ||   250
Invok: Sacrifice Durabil |       |     1 |       ||     1
       Draw Out Power    |       |       |     2 ||     2
       Sacrifice Skill   |       |       |     1 ||     1
  Use: Potion            |     3 |     1 |     7 ||    11
 Stab: Sleeping          |     2 |       |     3 ||     5
Armor: Ring mail         |    48 |   123 |    49 ||   220
Dodge: Dodged            |    52 |   103 |    40 ||   195
Block: Kite shield       |    76 |   154 |    54 ||   284

Table legend: (Time is in decaauts)
 A = Elapsed time spent in this place.
 B = Non-inter-level travel time spent in this place.
 C = Inter-level travel time spent in this place.
 D = Time resting spent in this place.
 E = Time spent auto-exploring this place.
 F = Levels seen in this place.
 G = Mean time per level.
                   A        B        C        D        E       F      G
               +--------+--------+--------+--------+--------+-----+--------+
         Total |   5652 |   5546 |    106 |    242 |   4199 |   6 |  942.0 |
       Dungeon |   5652 |   5546 |    106 |    242 |   4199 |   6 |  942.0 |
               +--------+--------+--------+--------+--------+-----+--------+

Top non-repeatable levels by time:
     D:2: 1392 daAuts
     D:5: 1188 daAuts
     D:4: 1034 daAuts
     D:3: 859 daAuts
     D:1: 773 daAuts
     D:6: 403 daAuts
